 Dungeon Crawl Stone Soup version 0.28.0 (webtiles) character file.

Game seed: 16498316938402477479

391 inmateoo the Skirmisher (level 6, -2/52 HPs)
             Began as a Mummy Delver on Feb 14, 2022.
             Slain by a black bear (5 damage)
             ... on level 5 of the Dungeon.
             The game lasted 00:05:02 (4401 turns).

inmateoo the Skirmisher (Mummy Delver)              Turns: 4401, Time: 00:05:02

Health: -2/52      AC:  3    Str: 18    XL:     6   Next: 50%
Magic:  6/6        EV: 12    Int:  9    God:
Gold:   135        SH:  0    Dex: 13    Spells: 5/5 levels left

rFire   x . .      SeeInvis .   o - +1 whip (elec)
rCold   + . .      Faith    .   (no shield)
rNeg    + + +      Spirit   .   b - +0 leather armour
rPois   ∞          Reflect  .   (no helmet)
rElec   .          Harm     .   (no cloak)
rCorr   .          Rampage  .   (no gloves)
Will    .....                   (no boots)
Stlth   ++........              (no amulet)
HPRegen 0.17/turn               k - ring of flight
MPRegen 0.10/turn               (no ring)

@: flying
A: cold resistance 1, negative energy resistance 3, torment resistance 2, heat
vulnerability 1, no potions
a: no special abilities


You were on level 5 of the Dungeon.
You visited 1 branch of the dungeon, and saw 5 of its levels.

You collected 135 gold pieces.

Inventory:

Hand Weapons
 a - a +0 spear
 h - a +2 dagger of protection
 l - a +3 flail
 o - a +1 whip of electrocution (weapon)
Armour
 b - a +0 leather armour (worn)
Jewellery
 k - a ring of flight (left hand)
 r - an amulet of magic regeneration
Wands
 f - a wand of digging (3)
 g - a wand of flame (8)
Scrolls
 c - a scroll of fog
 d - 3 scrolls of magic mapping
 e - 2 scrolls of fear
 i - a scroll of enchant armour {unknown}
 j - a scroll of noise {unknown}
 m - a scroll of brand weapon {unknown}
 n - 5 scrolls of identify {unknown}
 p - 2 scrolls of summoning {unknown}
 q - a scroll of holy word {unknown}
 s - a scroll of immolation {unknown}


   Skills:
 - Level 6.0 Fighting
 + Level 1.7 Maces & Flails
 - Level 1.5 Polearms
 + Level 1.8 Armour
 + Level 2.5 Dodging
 - Level 4.1 Stealth


You had 5 spell levels left.
You didn't know any spells.
Your spell library contained the following spells:

 Spells                   Type           Power      Damage    Failure   Level
 Animate Skeleton         Necr           0%         N/A       43%         1
 Apportation              Tloc           0%         N/A       43%         1
 Summon Small Mammal      Summ           0%         N/A       43%         1
 Conjure Flame            Conj/Fire      0%         6-21      82%         3
 Ignite Poison            Fire/Tmut/Pois 0%         N/A       82%         3
 Sticky Flame             Conj/Fire      0%         2d3       99%         4


Dungeon Overview and Level Annotations

Branches:
Dungeon (5/15)
 Temple: D:4-7

Altars:
Dithmenos
Trog

Shops:
D:4 (


Innate Abilities, Weirdness & Mutations

You are immune to poison.
Your flesh is cold resistant. (rC+)
You are immune to negative energy. (rN+++)
You are immune to unholy pain and torment.
You are vulnerable to heat. (rF-)
You do not drink.


Message History

The black bear is severely wounded.
The black bear barely misses you. The black bear closely misses you.
The black bear barely misses you.
You hit the black bear but do no damage.
The black bear is severely wounded.
The black bear bites you but does no damage.
The black bear closely misses you. x2
You barely miss the black bear.
The black bear is severely wounded.
The black bear closely misses you. The black bear barely misses you.
The black bear misses you.
You barely miss the black bear.
The black bear is severely wounded.
The black bear bites you.
The black bear claws you but does no damage. x2
You barely miss the black bear.
The black bear is severely wounded.
The black bear bites you. The black bear claws you. x2
You whack the black bear!
The black bear is almost dead.
The black bear bites you but does no damage.
The black bear barely misses you. The black bear claws you.
You are too injured to fight recklessly!
You hit the black bear.
The black bear is almost dead.
The black bear goes berserk!
You barely miss the black bear.
The black bear is almost dead.
The black bear bites you. The black bear claws you. The black bear misses you.
The black bear barely misses you. The black bear closely misses you.
The black bear claws you.
* * * LOW HITPOINT WARNING * * *
You barely miss the black bear.
The black bear is almost dead.
The black bear bites you!
* * * LOW HITPOINT WARNING * * *
The black bear claws you.
* * * LOW HITPOINT WARNING * * *
The black bear claws you.
You die...

##....................#
##.#.############.####
###.# #.# #.# #.# #+#
#.# #.# ####.##
##.#...## #@......#
+..h...........
####...#.###### ##..###
##.# #.# #.# #.#


You could see a black bear (berserk).

Vanquished Creatures
  A bullfrog (D:3)
  A scorpion (D:4)
  2 orc priests (D:3)
  A bullfrog skeleton (D:5)
  A jelly (D:5)
  Jessica (D:2)
  An iguana (D:4)
  A howler monkey skeleton (D:5)
  2 adders (D:2)
  A worm (D:2)
  3 dart slugs (D:1)
  6 orcs
  4 bats (D:1)
  3 endoplasms
  3 giant cockroaches (D:2)
  9 goblins
  2 hobgoblins
  4 jackals (D:1)
  4 kobolds
  3 quokkas
  2 ball pythons (D:2)
  5 frilled lizards
  7 rats
67 creatures vanquished.

Notes
Turn   | Place    | Note
-------+----------+-------------------------------------------
     0 | D:5      | inmateoo the Mummy Delver began the quest for the Orb.
     0 | D:5      | Reached XP level 1. HP: 18/18 MP: 1/1
   316 | D:3      | Found a bloodstained altar of Trog.
   318 | D:3      | Found a faded altar of an unknown god.
   320 | D:3      | Noticed an iguana
   362 | D:4      | Found Wienoed's Weapon Emporium.
   416 | D:4      | Noticed an orc priest
   907 | D:2      | Reached XP level 2. HP: 23/24 MP: 2/2
   927 | D:2      | Reached skill level 4 in Fighting
  1100 | D:1      | Reached XP level 3. HP: 30/30 MP: 3/3
  1574 | D:1      | Found a faded altar of an unknown god.
  2066 | D:2      | You are sucked into a shaft and drop 2 floors!
  2356 | D:2      | Reached XP level 4. HP: 38/38 MP: 4/4
  2390 | D:2      | Reached skill level 5 in Fighting
  2561 | D:2      | Noticed Jessica
  2567 | D:2      | Killed Jessica
  2771 | D:3      | Found a shadowy altar of Dithmenos.
  3214 | D:3      | Noticed a bullfrog
  3226 | D:3      | Killed a bullfrog
  3227 | D:3      | Reached XP level 5. HP: 40/46 MP: 5/5
  3722 | D:4      | Reached skill level 6 in Fighting
  3722 | D:4      | Reached skill level 1 in Maces & Flails
  3722 | D:4      | Reached skill level 1 in Armour
  3992 | D:3      | Reached XP level 6. HP: 52/52 MP: 6/6
  4401 | D:5      | Slain by a black bear

Illustrated notes

Levels and vault maps discovered:
D:1:      psy_arrival_heroes, layout_basic, hellmonk_ecumenical_altar_dog_temple
D:2:      layout_loops_ring, uniq_jessica
D:3:      minmay_angry_zag, layout_basic, nicolae_overflow_ecumenical_swirl,
          lemuel_doored_altar
D:4:      layout_loops_cross, serial_shops, nicolae_shop_trees
D:5:      layout_loops_corners, dk_yredelemnul_ordeal,
          minmay_temple_entry_overgrown, ebering_dispersal_statue_hall,
          grunt_decor_mini_mirrors

Skill      XL: |  1  2  3  4  5 |
---------------+----------------+-----
Fighting       | 4 5 6 |  6.0
Maces & Flails | 1 |  1.7
Armour         | 1 |  1.8
Dodging        | 2 |  2.5
Polearms       | |  1.5
Stealth        | |  4.1

Action                   |  1- 3 |  4- 6 || total
-------------------------+-------+-------++-------
Melee: Flail             |    78 |    21 ||    99
       Spear             |    11 |       ||    11
       Dagger            |    10 |       ||    10
       Punch             |     2 |       ||     2
       Whip              |       |    69 ||    69
Evoke: Wand              |       |     9 ||     9
 Stab: Sleeping          |    11 |     7 ||    18
Armor: Leather armour    |    31 |    17 ||    48
Dodge: Dodged            |    42 |    61 ||   103
